Map: Frozen Temple

Players

TITANICO

  • Race: Zerg Zerg
  • League: Bronze
  • Spawn Location: 5:00

Fropez - Winner!

  • Race: Protoss Protoss
  • League: Silver
  • Spawn Location: 11:00

VOD

Have the link to the VOD?

Description

Time

  • Played on: April 28, 2016, 3:51 p.m.
  • Length: 20:40
Show
View Real Time Build Order
Export as new Build Order

TITANICO Zerg 

Build Orders: Pool First, Lurkers 

Get SALT Encoding   

  12  0:02  Drone  
  13  0:08  Drone  
  14  0:18  Extractor  
  14  0:19  Drone  
  15  0:24  Extractor  
  15  0:26  Extractor, Drone  
  16  0:42  Spawning Pool  
  15  0:52  Extractor  
  15  0:53  Extractor, Overlord  
  13  1:23  Drone x3  
  16  1:37  Drone  
  17  1:45  Queen  
  19  1:53  Zergling x2  
  19  2:50  Lair  
  19  2:57  Zergling x2  
  19  2:58  Zergling x4  
  22  3:21  Overlord  
  22  3:23  Metabolic Boost  
  22  3:28  Hatchery  
  22  3:30  Spine Crawler  
  20  3:34  Zergling x2  
  20  3:35  Zergling x2  
  22  3:50  Hydralisk Den  
  21  4:05  Spore Crawler  
  21  4:08  Drone x3  
  23  4:28  Lurker Den  
  23  4:38  Drone  
  24  4:40  Drone  
  25  5:03  Drone x4  
  28  5:11  Drone  
  28  5:12  Drone  
  27  5:28  Drone x3  
  30  5:39  Drone  
  31  5:51  Nydus Network, Drone  
  31  5:52  Queen  
  33  5:57  Hydralisk  
  33  6:02  Drone  
  35  6:20  Overlord  
  35  6:29  Lurker  
  36  6:33  Overlord x2  
  36  6:41  Drone  
  36  6:42  Drone  
  36  6:51  Drone  
  37  6:59  Drone  
  38  7:11  Drone  
  39  7:24  Hatchery  
  38  7:32  Hatchery  
  37  7:41  Hydralisk x5  
  37  7:42  Hydralisk x5  
  57  7:46  Drone  
  57  7:47  Drone  
  57  7:49  Drone  
  60  8:04  Overseer  
  60  8:11  Overlord x3  
  60  8:24  Overlord  
  60  8:27  Overlord  
  60  8:28  Overlord  
  60  8:42  Lurker x2  
  62  8:50  Infestation Pit  
  62  8:52  Evolution Chamber  
  62  8:55  Lurker x2  
  61  8:56  Lurker  
  61  8:58  Lurker  
  61  8:59  Lurker  
  61  9:02  Drone x6  
  71  9:03  Drone  
  71  9:06  Spore Crawler  
  71  9:10  Spine Crawler  
  71  9:12  Spine Crawler  
  69  9:17  Drone x2  
  69  9:19  Drone x3  
  69  9:20  Drone x2  
  69  9:21  Drone  
  77  9:25  Extractor  
  77  9:26  Extractor  
  77  9:30  Overseer  
  75  9:36  Overseer  
  75  9:42  Hydralisk x5  
  75  9:45  Lurker  
  86  9:52  Drone x5  
  91  9:54  Drone  
  91  9:56  Drone  
  91  9:57  Drone  
  94  10:00  Drone  
  94  10:01  Drone  
  94  10:02  Drone  
  95  10:21  Zerg Missile Weapons Level 1  
  95  10:28  Hive  
  95  10:32  Queen  
  95  10:33  Drone  
  95  10:34  Drone x2  
  95  10:35  Queen  
  100  10:37  Drone x3  
  105  11:19  Nydus Canal  
  105  11:32  Lurker x5  
  111  11:33  Lurker  
  111  11:34  Nydus Canal  
  111  11:48  Hydralisk  
  111  11:49  Hydralisk x3  
  119  12:04  Overlord x4  
  119  12:05  Overlord x5  
  86  12:57  Zergling x6  
  89  12:59  Adrenal Glands  
  89  13:03  Zergling x2  
  89  13:04  Zergling x16  
  99  13:05  Zergling x4  
  99  13:06  Zergling x4  
  99  13:07  Zergling x4  
  104  13:19  Extractor x2  
  102  13:20  Extractor  
  102  13:22  Extractor  
  100  13:35  Zergling x6  
  100  13:36  Zergling x4  
  100  13:37  Zergling x4  
  100  13:38  Zergling x4  
  109  13:51  Overseer x2  
  96  14:13  Hatchery  
  95  14:17  Spore Crawler  
  95  14:21  Spine Crawler  
  95  14:22  Drone x4  
  97  14:35  Spore Crawler  
  97  14:37  Spore Crawler  
  95  14:38  Spine Crawler  
  95  14:42  Spire  
  93  14:47  Zerg Missile Weapons Level 2  
  93  14:52  Hydralisk x3  
  99  14:53  Hydralisk x4  
  99  14:55  Hydralisk  
  99  14:56  Hydralisk x2  
  113  15:25  Hatchery  
  106  16:07  Overseer  
  101  16:33  Hatchery  
  101  16:38  Mutalisk x7  
  101  16:39  Mutalisk x2  
  118  16:40  Mutalisk x4  
  118  16:45  Queen  
  128  16:47  Drone  
  128  16:53  Overseer  
  129  16:54  Overseer  
  129  17:04  Spore Crawler  
  129  17:06  Mutalisk  
  129  17:07  Mutalisk  
  132  17:15  Spore Crawler  
  131  17:16  Greater Spire  
  39  19:10  Hydralisk x4  
  39  19:11  Hydralisk x6  
  39  19:16  Overseer  
Show
View Real Time Build Order
Export as new Build Order

Fropez Protoss - Winner!

Build Orders:  

Get SALT Encoding   

  12  0:01  Probe (Chrono Boost)  
  13  0:11  Probe (Chrono Boost)  
  14  0:23  Pylon  
  14  0:24  Probe (Chrono Boost)  
  15  0:30  Assimilator  
  15  0:42  Probe (Chrono Boost)  
  16  0:45  Gateway  
  16  0:52  Probe (Chrono Boost)  
  17  1:06  Probe (Chrono Boost)  
  17  1:08  Pylon  
  17  1:10  Assimilator  
  18  1:16  Probe (Chrono Boost)  
  19  1:27  Probe (Chrono Boost)  
  20  1:33  Cybernetics Core  
  20  1:37  Probe (Chrono Boost)  
  21  1:47  Zealot  
  21  1:48  Probe (Chrono Boost)  
  24  1:58  Probe (Chrono Boost)  
  25  2:11  Mothership Core (Chrono Boost)  
  27  2:17  Robotics Facility  
  27  2:20  Pylon  
  27  2:26  Zealot  
  27  2:28  Warp Gate  
  27  2:29  Probe (Chrono Boost)  
  30  2:44  Gateway  
  30  2:48  Probe (Chrono Boost)  
  30  2:49  Pylon  
  31  2:59  Probe (Chrono Boost)  
  32  3:06  Immortal  
  32  3:10  Probe (Chrono Boost)  
  39  3:20  Zealot  
  39  3:39  Nexus  
  39  3:43  Probe (Chrono Boost)  
  40  4:01  Forge  
  40  4:02  Probe (Chrono Boost)  
  41  4:04  Pylon  
  40  4:12  Probe (Chrono Boost)  
  43  4:22  Observer  
  43  4:23  Probe (Chrono Boost)  
  43  4:33  Probe (Chrono Boost)  
  43  4:34  Protoss Ground Weapons Level 1  
  44  4:43  Immortal  
  44  4:44  Probe (Chrono Boost)  
  49  4:57  Assimilator  
  49  4:58  Zealot  
  49  4:59  Assimilator  
  51  5:02  Pylon  
  51  5:14  Probe x2 (Chrono Boost)  
  50  5:24  Gateway  
  50  5:25  Probe x2 (Chrono Boost)  
  52  5:35  Probe (Chrono Boost)  
  53  5:42  Photon Cannon  
  53  5:48  Probe (Chrono Boost)  
  54  5:50  Probe (Chrono Boost)  
  55  5:59  Probe (Chrono Boost)  
  55  6:01  Adept  
  55  6:02  Adept, Robotics Facility  
  58  6:56  Probe (Chrono Boost)  
  58  6:57  Probe (Chrono Boost)  
  58  6:59  Zealot x2  
  64  7:02  Immortal  
  64  7:05  Protoss Shields Level 1 (Chrono Boost), Immortal  
  72  7:10  Gateway  
  72  7:11  Pylon  
  72  7:34  Nexus  
  72  7:36  Probe x2 (Chrono Boost)  
  73  7:37  Assimilator  
  73  7:40  Assimilator  
  73  7:43  Pylon  
  73  7:44  Pylon  
  74  7:45  Pylon, Zealot x2  
  74  7:46  Zealot  
  74  7:50  Immortal  
  84  7:59  Probe x2  
  84  8:01  Pylon, Immortal  
  90  8:19  Zealot x3  
  96  8:24  Probe x2  
  96  8:25  Twilight Council  
  98  8:36  Probe  
  98  8:39  Protoss Ground Armor Level 1 (Chrono Boost)  
  99  8:51  Observer  
  99  8:53  Observer  
  99  8:54  Photon Cannon  
  101  8:55  Probe  
  101  8:56  Probe  
  101  8:57  Probe  
  101  8:58  Photon Cannon  
  101  9:02  Pylon  
  104  9:04  Charge (Chrono Boost)  
  104  9:12  Adept x3  
  104  9:14  Adept  
  112  9:36  Zealot x4  
  120  9:38  Probe  
  120  9:39  Probe x2  
  123  9:46  Gateway  
  123  9:49  Probe, Gateway  
  123  9:51  Probe  
  123  9:52  Probe  
  120  10:24  Probe x2  
  120  10:27  Zealot x4  
  130  10:41  Forge  
  130  10:45  Dark Shrine  
  130  10:47  Pylon x2  
  130  10:51  Gateway x2  
  130  10:53  Stalker x2  
  130  10:54  Stalker x2  
  138  11:18  Stalker x4  
  71  12:06  Dark Templar  
  71  12:07  Dark Templar x5  
  60  12:27  Nexus  
  46  12:50  Nexus  
  46  13:00  Nexus  
  46  13:02  Assimilator  
  46  13:04  Cybernetics Core, Assimilator  
  46  13:06  Pylon, Probe  
  46  13:07  Probe  
  46  13:09  Pylon  
  48  13:12  Forge  
  48  13:16  Pylon, Gateway  
  48  13:17  Pylon  
  48  13:18  Pylon  
  48  13:21  Assimilator  
  48  13:24  Assimilator  
  48  13:28  Dark Templar x6  
  60  13:36  Probe  
  60  13:37  Pylon  
  60  13:38  Probe  
  60  13:41  Pylon, Probe  
  62  13:47  Probe  
  63  13:50  Probe  
  65  14:08  Zealot x5  
  75  14:19  Stalker  
  75  14:21  Probe  
  75  14:22  Probe x3  
  81  14:27  Probe  
  81  14:28  Assimilator  
  81  14:30  Assimilator  
  82  14:50  Stalker x2  
  82  14:51  Stalker x2  
  90  14:56  Probe  
  90  14:57  Probe  
  90  14:58  Pylon, Probe  
  93  15:11  Warp Prism  
  93  15:12  Probe  
  93  15:13  Probe  
  97  15:15  Probe  
  97  15:16  Probe x2  
  100  15:33  Dark Templar x3  
  100  15:34  Dark Templar x2  
  110  16:13  Dark Templar x4  
  110  16:14  Dark Templar x3  
  114  16:37  Photon Cannon  
  114  16:40  Photon Cannon  
  114  16:41  Photon Cannon  
  114  16:42  Pylon, Probe x3  
  114  16:43  Pylon, Probe  
  114  16:46  Pylon  
  118  16:47  Photon Cannon  
  118  16:49  Pylon, Gateway  
  118  16:51  Pylon  
  118  16:53  Pylon  
  118  16:55  Photon Cannon  
  118  16:57  Probe, Photon Cannon  
  118  16:58  Probe  
  118  16:59  Photon Cannon  
  120  17:05  Pylon  
  120  17:08  Pylon  
  120  17:10  Photon Cannon  
  115  17:41  Stalker x3  
  115  17:42  Stalker x4  
  124  17:52  Stalker  
  122  18:05  Stalker x3  
  122  18:06  Stalker x3  
  122  18:28  Dark Templar x5  
  122  18:29  Dark Templar x2  
  122  18:32  Probe x3  
  122  18:33  Probe x2  
  141  18:42  Probe x2  
  141  18:43  Probe x2  
  141  18:45  Probe  
  144  18:48  Nexus  
  144  18:52  Assimilator  
  144  18:53  Probe x3, Assimilator  
  144  18:57  Pylon, Probe  
  144  18:58  Pylon  
  139  19:18  Dark Templar x2  
  139  19:19  Dark Templar x2  
  139  19:20  Stalker x2  
  139  19:24  Archon x2  
  147  19:30  Photon Cannon  
  144  19:41  Stalker  
  144  19:43  Stalker  
  144  19:44  Stalker  
  150  19:55  Stalker x2  
  150  19:56  Stalker x2  
  147  20:00  Stalker x4  
  138  20:15  Stalker x3  
Tags
 
Composition
Lurkers
Matchup
PvZ
Opening
Pool First
Replay Pack
All Mines
Spawn Locations
Cross Positions
Add a new tag
Caveats
  • Supply blocks, unpowered buildings, or Contaminate may cause inaccurate times.
  • Supply counts are checked every 10 seconds.